 Dungeon Crawl Stone Soup version 0.30.1-3-gfc49f6343a (webtiles) character file.

Game seed: 1693247468577556546

14849 Almogavar the Severer (level 12, -10/113 HPs)
             Began as a Hill Orc Fighter on Aug 4, 2023.
             Was a High Priest of Makhleb.
             Mangled by an orc warlord
             ... wielding a +0 long sword
              (20 damage)
             ... on level 2 of the Orcish Mines on Aug 5, 2023.
             The game lasted 00:45:01 (13147 turns).

Almogavar the Severer (Hill Orc Fighter)           Turns: 13147, Time: 00:45:02

Health: -10/113    AC: 15    Str: 24    XL:     12   Next: 20%
Magic:  16/16      EV:  8    Int:  8    God:    Makhleb [*****.]
Gold:   698        SH:  6    Dex: 10    Spells: 11/11 levels left

rFire   . . .        q - +4 war axe
rCold   . . .        c - +1 buckler
rNeg    + . .        n - +0 chain mail
rPois   .            B - +0 helmet
rElec   .            (no cloak)
rCorr   .            (no gloves)
SInv    .            g - +0 pair of boots
Will    .....        x - amulet of regeneration Stlth
                     z - ring of positive energy
HPRegen 1.18/turn    (no ring)
MPRegen 0.15/turn

%: no passive effects
@: attractive
A: no striking features
a: Renounce Religion, Minor Destruction, Lesser Servant of Makhleb, Major
Destruction, Greater Servant of Makhleb


You were on level 2 of the Orcish Mines.
You worshipped Makhleb.
Makhleb was extremely pleased with you.
You visited 3 branches of the dungeon, and saw 14 of its levels.
You also visited: Ossuary.

You collected 698 gold pieces.

Inventory:

Hand Weapons
 a - a +1 mace of protection
 q - a +4 war axe (weapon)
Armour
 c - a +1 buckler (worn)
 g - a +0 pair of boots (worn)
 n - a +0 chain mail (worn)
 B - a +0 helmet (worn)
 F - a +0 plate armour
Jewellery
 x - an amulet of regeneration (around neck)
 z - a ring of positive energy (left hand)
 E - an amulet of magic regeneration
 G - a ring of fire
Wands
 k - a wand of digging (7)
 r - a wand of light (11)
 v - a wand of polymorph (6)
 H - a wand of flame (5)
 I - a wand of iceblast (6)
Scrolls
 e - 6 scrolls of teleportation
 h - a scroll of brand weapon
 i - 3 scrolls of enchant weapon
 j - 2 scrolls of silence
 l - 2 scrolls of amnesia
 t - 6 scrolls of enchant armour
 w - 2 scrolls of blinking
 y - a scroll of fog
 C - a scroll of butterflies {unknown}
 D - a scroll of torment {unknown}
Potions
 d - 3 potions of brilliance
 f - 4 potions of invisibility
 m - 3 potions of ambrosia
 o - 2 potions of flight
 p - a potion of might
 s - a potion of cancellation
 u - a potion of magic
 A - 2 potions of attraction
 J - a potion of lignification {unknown}


   Skills:
 + Level 12.3 Fighting
 - Level 16.0 Axes
 + Level 11.4 Armour
 - Level 0.1 Dodging
 - Level 5.0 Shields
 + Level 0.1 Unarmed Combat
 * Level 5.3 Invocations


You had 11 spell levels left.
You didn't know any spells.
Your spell library contained the following spells:

 Spells                   Type           Power      Damage    Failure   Level
 Magic Dart               Conj           0%         1d3       91%         1
 Searing Ray              Conj           0%         2d4       97%         2
 Ignite Poison            Fire/Tmut/Pois 0%         N/A       99%         3
 Vhi's Electric Charge    Tloc/Air       0%         N/A       99%         3
 Fulminant Prism          Conj/Hex       0%         3d5       100%        4
 Sticky Flame             Conj/Fire      0%         2d3       100%        4
 Arcjolt                  Conj/Air       0%         1d10      100%        5
 Plasma Beam              Fire/Air       0%         2x1d11    100%        6
 Ignition                 Fire           0%         3d3       100%        8


Dungeon Overview and Level Annotations

Branches:
Dungeon (11/15)            Temple (1/1) D:6            Lair (0/5) D:8
    Orc (2/2) D:11        Ossuary (visited)
    Elf: Orc:2

Altars:
Ashenzari
Dithmenos
Fedhas
Makhleb
Nemelex Xobeh
Okawaru
Qazlal
Sif Muna
Trog
Uskayaw
Xom
Zin

Shops:
D:4 (:=   D:5 *   D:7 :   D:10 :

Annotations:
D:11 3 runed translucent doors


Message History

The orc warlord hits you with a +0 long sword.
You slice the orc warlord!!
The orc warlord is moderately wounded.
You closely miss the orc warlord.
The orc warlord is moderately wounded.
The orc warlord barely misses you.
You slash the orc warlord!
The orc warlord is moderately wounded.
The orc warlord hits you with a +0 long sword.
You hit the orc warlord.
The orc warlord is moderately wounded.
The orc warlord hits you with a +0 long sword!
You slash the orc warlord!
The orc warlord is heavily wounded.
You slash the orc warlord!
The orc warlord is heavily wounded.
The orc warlord hits you with a +0 long sword!
You slash the orc warlord!
The orc warlord is heavily wounded.
The orc warlord barely misses you.
You hit the orc warlord.
The orc warlord is heavily wounded.
You closely miss the orc warlord.
The orc warlord is heavily wounded.
The orc warlord hits you with a +0 long sword!!
You closely miss the orc warlord.
The orc warlord is heavily wounded.
The orc warlord hits you with a +0 long sword!
* * * LOW HITPOINT WARNING * * *
You slash the orc warlord!
The orc warlord is severely wounded.
The orc warlord hits you with a +0 long sword!
* * * LOW HITPOINT WARNING * * *
It was a potion of attraction.
You feel attractive to monsters. You block the orc warlord's attack.
The orc warlord misses you.
There is a stone staircase leading up here.
The orc warlord hits you with a +0 long sword!!
You die...

........#...$..# ..
#.............#
..##..([........##
......)$.........###
....$..............#
....................
...........)#..#...#
......o[...[<.....#
.......@...[[†....#
........#.....#...#
.........#.....#...#
..............## .##
....#........## #
...............
.........#......
....$...##.#.#.#


You could see an orc warlord.

Vanquished Creatures
  Josephine (Orc:1)
  2 two-headed ogres
  A cyclops (D:11)
  The ghost of LaMa the Grappler, a novice TrBe of Trog (D:5)
  2 gargoyles (D:11)
  A freezing wraith (D:10)
  2 trolls (D:11)
  The ghost of TwoHeadsTalk the Ducker, a novice FeSu of Gozag (D:8)
  Grinder (D:3)
  3 centaur simulacra (D:10)
  2 wyverns
  6 wraiths
  A shadow (D:11)
  12 yaks
  A warg (Orc:2)
  An acid dragon (D:9)
  A water moccasin (D:8)
  2 black bears
  6 ogres
  15 orc warriors
  8 centaurs
  3 phantoms
  7 bullfrogs
  4 kobold brigands
  2 scorpions
  9 wights
  A water moccasin zombie (D:3)
  12 killer bees
  3 howler monkeys
  2 electric eels
  4 centaur zombies (Ossuary)
  12 orc priests
  5 hounds
  2 jellies
  A gnoll bouda (D:7)
  2 sleepcaps (D:5)
  18 orc wizards
  Terence (D:2)
  3 iguanas
  Natasha (twice) (D:2)
  A hound zombie (D:3)
  5 mummies (Ossuary)
  8 gnolls
  2 adders
  A shadow imp (D:7)
  3 white imps
  4 ufetubi
  3 worms
  4 dart slugs
  83 orcs
  8 ball pythons
  6 endoplasms
  4 giant cockroaches
  A gnoll zombie (Ossuary)
  2 goblins
  11 hobgoblins
  7 quokkas
  6 bats
  7 frilled lizards
  A goblin zombie (Ossuary)
  2 hobgoblin zombies (Ossuary)
  25 kobolds
  A quokka skeleton (D:3)
  A quokka zombie (D:3)
  6 rats
365 creatures vanquished.

Notes
Turn   | Place    | Note
-------+----------+-------------------------------------------
     0 | D:1      | Almogavar the Hill Orc Fighter began the quest for the Orb.
     0 | D:1      | Reached XP level 1. HP: 19/19 MP: 1/1
   123 | D:1      | Reached XP level 2. HP: 27/27 MP: 2/2
   126 | D:1      | Reached skill level 3 in Axes
   284 | D:1      | Found a faded altar of an unknown god.
   357 | D:1      | Reached XP level 3. HP: 33/33 MP: 3/3
   575 | D:2      | Noticed Natasha
   590 | D:2      | Killed Natasha
   591 | D:2      | Reached skill level 4 in Axes
   591 | D:2      | Reached XP level 4. HP: 25/40 MP: 4/4
   700 | D:2      | Noticed Terence
   741 | D:2      | Killed Terence
  1129 | D:2      | Noticed Natasha
  1137 | D:2      | Killed Natasha
  1138 | D:2      | Reached skill level 5 in Axes
  1138 | D:2      | Reached XP level 5. HP: 33/46 MP: 5/5
  1251 | D:3      | Noticed Grinder
  1282 | D:3      | Paralysed by Grinder for 5 turns
  1293 | D:3      | Killed Grinder
  1294 | D:3      | Reached skill level 6 in Axes
  1294 | D:3      | Reached XP level 6. HP: 42/53 MP: 6/6
  1752 | D:3      | Reached skill level 7 in Axes
  1752 | D:3      | Reached XP level 7. HP: 38/60 MP: 7/7
  1755 | D:3      | Reached skill level 5 in Fighting
  2247 | D:4      | Found a stormy altar of Qazlal.
  2248 | D:4      | Found a hide-covered altar of Uskayaw.
  2266 | D:4      | Found Raeroaci's Jewellery Shop.
  2266 | D:4      | Found Sujoes's Book Shop.
  2268 | D:4      | Found Jufohathru's Weapon Shop.
  2278 | D:4      | Reached skill level 5 in Armour
  2483 | D:4      | Reached skill level 8 in Axes
  3134 | D:5      | Entered Level 5 of the Dungeon
  3261 | D:5      | Reached XP level 8. HP: 69/69 MP: 8/8
  3408 | D:5      | Reached skill level 9 in Axes
  3729 | D:5      | Found Kegu's Overcharged Wands.
  3768 | D:5      | Found a runed translucent door.
  3775 | D:5      | Noticed LaMa's ghost (novice TrBe)
  3787 | D:5      | Killed LaMa's ghost
  3788 | D:5      | Reached skill level 10 in Axes
  3790 | D:5      | Found a runed translucent door.
  3991 | D:5      | Reached XP level 9. HP: 78/78 MP: 9/9
  4280 | D:6      | Found a sand-covered staircase.
  4294 | D:5      | Reached skill level 5 in Shields
  4653 | D:6      | Reached skill level 11 in Axes
  4668 | Ossuary  | Entered an ossuary
  5483 | D:6      | Found a staircase to the Ecumenical Temple.
  5503 | Temple   | Entered the Ecumenical Temple
  5578 | Temple   | Became a worshipper of Makhleb the Destroyer
  6854 | D:7      | Reached skill level 12 in Axes
  7042 | D:7      | Reached * piety under Makhleb
  7350 | D:7      | Reached XP level 10. HP: 36/88 MP: 10/10
  7365 | D:7      | Reached skill level 13 in Axes
  7770 | D:7      | Found Zeis's Book Emporium.
  7826 | D:8      | Noticed TwoHeadsTalk's ghost (novice FeSu)
  8336 | D:8      | Found a transporter.
  8345 | D:7      | Reached ** piety under Makhleb
  8718 | D:8      | Found a transporter.
  8821 | D:8      | Reached skill level 14 in Axes
  8989 | D:8      | Found a staircase to the Lair.
  9368 | D:8      | Killed TwoHeadsTalk's ghost
  9641 | D:9      | Noticed a two-headed ogre
  9657 | D:9      | Killed a two-headed ogre
  9658 | D:9      | Reached skill level 15 in Axes
  9658 | D:9      | Reached XP level 11. HP: 49/97 MP: 11/11
 10202 | D:9      | Reached *** piety under Makhleb
 10207 | D:9      | Reached skill level 10 in Fighting
 10337 | D:10     | Entered Level 10 of the Dungeon
 10337 | D:10     | Noticed a two-headed ogre
 10337 | D:10     | Found Noru's Vocational Training.
 10348 | D:10     | Killed a two-headed ogre
 10738 | D:10     | Reached skill level 16 in Axes
 10743 | D:10     | Reached skill level 10 in Armour
 10762 | D:10     | Reached skill level 1 in Invocations
 10770 | D:10     | Reached **** piety under Makhleb
 10800 | D:10     | You fall into a shaft and drop 1 floor!
 10837 | D:11     | Found a staircase to the Orcish Mines.
 11393 | Orc:1    | Entered Level 1 of the Orcish Mines
 11404 | Orc:1    | Found a burning altar of Makhleb.
 11438 | Orc:2    | Entered Level 2 of the Orcish Mines
 11438 | Orc:2    | Noticed Josephine
 11579 | Orc:1    | HP: 1/102 [orc warrior/+0 dire flail (16)]
 11659 | D:11     | Found a runed translucent gate.
 11659 | D:11     | Noticed a red ugly thing
 11866 | D:11     | Found a runed translucent gate.
 11866 | D:11     | Noticed a purple ugly thing
 11866 | D:11     | Noticed a red ugly thing
 11866 | D:11     | Noticed a white ugly thing
 11867 | D:11     | Found a runed translucent gate.
 11867 | D:11     | Noticed a cyan ugly thing
 11870 | D:11     | Noticed a cyan ugly thing
 12001 | D:11     | Found a bloodstained altar of Trog.
 12349 | D:11     | Noticed a cyclops
 12364 | D:11     | Killed a cyclops
 12365 | D:11     | Reached XP level 12. HP: 112/112 MP: 15/15
 12756 | Orc:1    | Killed Josephine
 12757 | Orc:1    | Reached skill level 5 in Invocations
 12885 | Orc:2    | Reached ***** piety under Makhleb
 12984 | Orc:1    | Noticed an orc warlord
 13147 | Orc:2    | Mangled by an orc warlord

Illustrated notes

Levels and vault maps discovered:
D:1:      dpeg_arrival_another_circle, layout_rooms,
          shapermc_ecumenical_altar_totnotflames
D:2:      layout_basic, uniq_terence, uniq_natasha
D:3:      layout_basic, serial_undead, serial_undead_f, serial_undead_c,
          serial_undead_c, serial_undead_e, serial_undead_b, serial_undead_b,
          uniq_grinder
D:4:      layout_basic, chequers_temple_overflow_statue_of_worship,
          serial_glass, glass_columns_c, glass_columns_a,
          nicolae_shop_distant_corner_stores, minmay_misc_feat_secret_circle,
          serial_park_tiny_1
D:5:      layout_loops_ring, ebering_ghost_sewer_f,
          nicolae_shop_overcharged_wands
D:6:      layout_layer_cave, temple_hall, nicolae_ossuary_entry_monument,
          amcnicky_mini_rare_corridor_liquid
D:7:      minmay_skewed_foursquare, layout_gridville, serial_shops, shop,
          lemuel_flamethrower_2
D:8:      layout_rooms, grunt_lair_entry_orc_guard_hut, gammafunk_ghost_arena
D:9:      layout_small_grid
D:10:     layout_roguey [special_room_orc], serial_ice, serial_ice_j,
          serial_ice_h, serial_ice_b, serial_ice_g, kennysheep_pointless_box,
          nicolae_shop_vocational
D:11:     layout_basic, orc_0_dummy,
          ploomutoo_gammafunk_ghost_potion_laboratory, trog_three_pillars_becter
Temple:   nicolae_temple_slightly_damp_pantheon
Orc:1:    layout_diamond_mine, bloody_makhleb
Orc:2:    grunt_orc_tribal_feast, layout_caves, uniq_josephine

Skill      XL: |  1  2  3  4  5  6  7  8  9 10 11 12 |
---------------+-------------------------------------+-----
Axes           | 3 4 5 6 7 8 10 12 15 16 | 16.0
Fighting       | 4 5 6 7 9 11 12 | 12.3
Armour         | 4 5 6 8 9 11 | 11.4
Shields        | 4 5 |  5.0
Invocations    | 4 5 |  5.3
Dodging        | |  0.1
Unarmed Combat | |  0.1

Action                     |  1- 3 |  4- 6 |  7- 9 | 10-12 || total
---------------------------+-------+-------+-------+-------++-------
  Melee: War axe           |    57 |   106 |   420 |   597 ||  1180
         Unarmed           |       |     1 |       |       ||     1
 Invoke: Lesser Servant of |       |       |       |     1 ||     1
  Evoke: Wand              |       |       |       |     1 ||     1
    Use: Scroll            |     1 |     1 |    13 |     7 ||    22
         Potion            |       |     1 |     4 |     3 ||     8
 Armour: Scale mail        |    28 |    43 |   170 |   194 ||   435
         Skin              |       |     4 |       |       ||     4
         Chain mail        |       |       |       |    28 ||    28
  Dodge: Dodged            |    21 |    52 |   140 |   220 ||   433
  Block: Buckler           |    20 |    24 |    98 |   163 ||   305
